 Dungeon Crawl Stone Soup version 0.26-a0-58-g79b31b8662 (webtiles) character file.

Game seed: 17286391584618677138

97449 MisterFreud the Carver (level 16, 0/105 HPs)
             Began as an Octopode Gladiator on June 8, 2020.
             Was the Champion of Cheibriados.
             Slain by a troll (11 damage)
             ... on level 2 of the Orcish Mines.
             The game lasted 00:50:56 (24222 turns).

MisterFreud the Carver (Octopode Gladiator)        Turns: 24222, Time: 00:50:58

Health: 0/105      AC:  1    Str: 29    XL:     16   Next: 19%
Magic:  27/28      EV: 30    Int: 36    God:    Cheibriados [******]
Gold:   1369       SH: 15    Dex: 28    Spells: 28/31 levels left

rFire    + . .     SeeInvis .   S - +4 demon blade (freeze)
rCold    . . .     Gourm    .   j - +1 buckler
rNeg     . . .     Faith    .   b - +0 hat
rPois    .         Spirit   .   p - amulet of Hir Zol {Reflect Int+4 SH+5}
rElec    .         Reflect  +   H - ring of stealth
rCorr    .         Harm     .   F - ring of protection from magic
MR       ++...                  O - ring of protection from fire
Stlth    ++++......             R - +4 ring of evasion
HPRegen  0.27/turn              (no ring)
MPRegen  0.21/turn              (no ring)
                                (no ring)
                                (no ring)

@: very slow
A: almost no armour, stealthy swim, amphibious, 8 rings, constrict 8, camouflage
1, gelatinous body 1
a: Bend Time, Temporal Distortion, Slouch, Step From Time, Renounce Religion


You were on level 2 of the Orcish Mines.
You worshipped Cheibriados.
Cheibriados was exalted by your worship.
You were not hungry.

You visited 4 branches of the dungeon, and saw 24 of its levels.

You collected 1769 gold pieces.
You spent 400 gold pieces at shops.

Inventory:

Hand Weapons
 A - the +5 falchion of Revolt {drain, rF+}
   (You bought it in a shop on level 5 of the Dungeon)

   A truly terrible weapon, it drains the life of those it strikes.
   It protects you from fire.
 P - a +3 scimitar of flaming
 S - a +4 demon blade of freezing (weapon)
Missiles
 a - 4 atropa-tipped darts
 c - 4 throwing nets
 t - 3 javelins
 w - 83 poisoned darts
 x - 8 curare-tipped darts (quivered)
 E - 8 silver javelins
 Q - 4 boomerangs
Armour
 b - a +0 hat (worn)
 g - a +0 kite shield
 j - a +1 buckler (worn)
Jewellery
 p - the amulet of Hir Zol (around mantle) {Reflect Int+4 SH+5}
   (You took it off a frost giant on level 12 of the Dungeon)

   [amulet of reflection]

   It shields you and reflects attacks.
   It affects your intelligence (+4).
   It affects your SH (+5).
 s - an uncursed amulet of regeneration
 F - a ring of protection from magic (right tentacle)
 H - a ring of stealth (left tentacle)
 O - a ring of protection from fire (on tentacle)
 R - a +4 ring of evasion (on tentacle)
Wands
 i - a wand of flame (49)
 G - a wand of acid (19)
 J - a wand of iceblast (20)
 T - a wand of disintegration (18)
Scrolls
 k - 4 scrolls of blinking
 n - 11 scrolls of remove curse
 q - 6 scrolls of teleportation
 r - 4 scrolls of identify
 u - a scroll of magic mapping
 y - 3 scrolls of enchant weapon
 z - 2 scrolls of enchant armour
 B - 7 scrolls of amnesia
 M - 2 scrolls of fog
 U - a scroll of summoning {unknown}
Potions
 e - 6 potions of flight
 h - a potion of lignification
 l - 8 potions of curing
 m - 3 potions of heal wounds
 o - 2 potions of brilliance
 v - 3 potions of might
 C - 3 potions of stabbing
 D - a potion of invisibility
 K - a potion of cancellation
 L - 2 potions of mutation
 N - a potion of magic
Miscellaneous
 f - 3 boxes of beasts
Comestibles
 d - 41 rations


   Skills:
 - Level 8.0 Fighting
 - Level 14.0 Long Blades
 - Level 2.0 Throwing
 - Level 12.0 Dodging
 + Level 12.4 Shields
 - Level 8.0 Spellcasting
 - Level 5.0 Charms
 - Level 5.0 Ice Magic
 - Level 10.0 Invocations
 - Level 10.0 Evocations


You had 28 spell levels left.
You knew the following spells:

 Your Spells              Type           Power        Failure   Level  Hunger
a - Ozocubu's Armour      Chrm/Ice       ######..     1%          3    None

Your spell library contained the following spells:

 Spells                   Type           Power        Failure   Level  Hunger
 Infusion                 Chrm           ####         1%          1    None
 Shroud of Golubria       Chrm/Tloc      ####..       1%          2    None
 Song of Slaying          Chrm           ######..     1%          2    None
 Foxfire                  Conj/Fire      ##..         2%          1    None
 Magic Dart               Conj           ##..         2%          1    None
 Spectral Weapon          Hex/Chrm       ####....     3%          3    None
 Searing Ray              Conj           ##....       4%          2    None
 Conjure Flame            Conj/Fire      ##......     9%          3    None
 Dazzling Flash           Conj/Hex       ##....       9%          3    None
 Inner Flame              Hex/Fire       ##......     9%          3    None
 Fulminant Prism          Conj/Hex       ##........   28%         4    None
 Iskenderun's Mystic Bla  Conj/Tloc      ##......     28%         4    None
 Sticky Flame             Conj/Fire      ##......     28%         4    None
 Fireball                 Conj/Fire      ##........   61%         5    ###....


Dungeon Overview and Level Annotations

Branches:
Dungeon (15/15)            Temple (1/1) D:5            Lair (6/6) D:10
 Shoals (0/4) Lair:3       Spider (0/4) Lair:3        Slime (0/5) Lair:5
    Orc (2/2) D:11            Elf (0/3) Orc:2        Vaults (0/5) D:14
 Depths (0/5) D:15

Altars:
Cheibriados
Dithmenos
Elyvilon
Fedhas
Gozag
Hepliaklqana
Makhleb
Nemelex Xobeh
Okawaru
Qazlal
Ru
Sif Muna
Trog
Uskayaw
Vehumet
Wu Jian
Xom
Yredelemnul
Zin
The Shining One
Jiyva

Shops:
D:5 *(%   D:7 [=[%   D:9 (   D:11 (   D:13 [:!   D:15 **

Annotations:
D:12 3 runed translucent doors, Rupert; Tiahy's ghost, journeyman FoAK
Lair:2 exclusion: 2 oklob plants
Lair:4 exclusion: oklob plant


Innate Abilities, Weirdness & Mutations

You cannot wear most types of armour.
You are very stealthy in the water. (Stealth+)
You are amphibious.
You can wear up to eight rings at the same time.
You can use your tentacles to constrict eight enemies at once.
Your skin changes colour to match your surroundings (Stealth+).
Your rubbery body absorbs attacks. (AC +1, EV +1)


Message History

Cheibriados appreciates the change of pace.
Unknown command.
Unknown command.
Your juvenile oxsting beast hits the ogre!
The ogre dies!
Cheibriados thoroughly appreciates the change of pace.
Your icy armour cracks and falls away as you move.
An ogre and a troll come into view.
You block the troll's attack. The troll completely misses you.
The troll claws you.
* * * LOW HITPOINT WARNING * * *
You block the troll's attack. x2; The troll completely misses you.
You block the cyclops's attack.
An ogre comes into view. It is wielding a +0 giant club.
The troll bites you!
* * * LOW HITPOINT WARNING * * *
The troll claws you.
* * * LOW HITPOINT WARNING * * *
The troll closely misses you. The troll bites you!
You die...

#...........##.#.##.##
.#.....#.#...[.......#
#.......##..##.#.##.#
.....#.##...#.....##
....##.###..##.....#
........#....#.....#
....##.#..........##
....#.###.##.#.)H)# #
.......#########@###.##
......## #TCT....#
.#.....## ##O.....#
........# #......##
.#.......# ......###
..........# #...T..#
.........## #.....##
.........# ...#..O
.......... ##.##...


You could see a two-headed ogre, a cyclops, 3 trolls, an ogre (wandering) and a
friendly juvenile oxsting beast (summoned).

Vanquished Creatures
  A frost giant (D:12)
  Nessos (D:14)
  Azrael (D:13)
  An ettin (D:15)
  Fannar (Lair:2)
  4 catoblepae
  6 hydras
  Erica (D:10)
  4 centaur warriors
  13 death yaks
  9 two-headed ogres
  4 ogre magi
  2 tengu warriors (D:15)
  Sonja (Lair:4)
  Nergalle (D:10)
  A fire crab (Lair:3)
  A hell knight (D:15)
  An unseen horror (D:10)
  An orc knight (D:14)
  20 ugly things
  5 manticores
  2 deep elf magi (D:15)
  4 orc sorcerers
  3 cyclopes
  An oklob plant (Lair:6)
  Maurice (D:8)
  3 centaur zombies
  2 centaur skeletons
  3 black mambas (Lair:6)
  A merfolk siren (Lair:3)
  Psyche (D:9)
  3 gargoyles
  9 spiny frogs
  4 rime drakes
  4 komodo dragons
  A tengu conjurer (D:15)
  9 trolls
  3 meliai (D:15)
  2 polar bears (Lair:5)
  A wolf spider simulacrum (D:15)
  17 blink frogs
  A hornet (D:13)
  A harpy skeleton (D:13)
  8 hippogriffs
  18 slime creatures
  A redback (Lair:3)
  A vampire (D:11)
  Sigmund (D:5)
  50 yaks
  A spriggan (Lair:4)
  A shadow (D:15)
  3 fire elementals (D:13)
  A wraith (D:10)
  4 wyverns
  7 basilisks
  A hungry ghost (D:7)
  15 humans (D:14)
  3 vampire mosquitoes (D:11)
  A warg (Orc:1)
  Menkaure (D:4)
  4 hell hounds (D:13)
  An acid dragon (D:12)
  10 water moccasins
  9 porcupines
  Duvessa (D:7)
  6 ice beasts
  5 sky beasts
  3 black bears
  13 orc warriors
  An eye of draining (D:11)
  A necrophage (D:11)
  An eye of draining (shapeshifter) (D:13)
  2 phantoms
  19 ogres
  10 wolves
  12 centaurs
  10 crocodiles
  3 big kobolds
  18 bullfrogs
  A wyvern skeleton (D:14)
  Dowan (D:7)
  5 scorpions
  13 killer bees
  9 wights (D:9)
  4 electric eels
  A howler monkey (D:6)
  2 bullfrog zombies
  9 crimson imps
  3 bullfrog skeletons
  2 quasits
  4 hounds
  5 jellies
  6 orc priests
  6 iguanas
  13 worker ants
  Natasha (twice) (D:2)
  15 orc wizards
  A howler monkey zombie (D:7)
  8 gnolls
  8 adders
  A shadow imp (D:14)
  2 oozes
  2 adder zombies
  An adder skeleton (D:9)
  A worm (D:3)
  4 dart slugs
  3 leopard geckos
  52 orcs
  A ball python (D:2)
  3 giant cockroaches
  7 goblins
  9 hobgoblins
  7 jackals
  3 quokkas
  8 bats
  9 frilled lizards
  23 kobolds
  10 rats
665 creatures vanquished.

Vanquished Creatures (collateral kills)
  A catoblepas (D:14)
  A deep troll (Orc:2)
  An iron troll (Orc:2)
  A human (D:14)
  An ogre (Orc:2)
5 creatures vanquished.

Vanquished Creatures (others)
  9 plants
9 creatures vanquished.

Grand Total: 679 creatures vanquished

Notes
Turn   | Place    | Note
-------+----------+-------------------------------------------
     0 | D:1      | MisterFreud the Octopode Gladiator began the quest for the
                  | Orb.
     0 | D:1      | Reached XP level 1. HP: 14/14 MP: 1/1
   107 | D:1      | Reached XP level 2. HP: 15/20 MP: 2/2
   604 | D:1      | Reached XP level 3. HP: 12/26 MP: 3/3
  1336 | D:2      | Reached XP level 4. HP: 29/33 MP: 4/4
  1546 | D:2      | Found a bloodstained altar of Trog.
  1581 | D:2      | Noticed Natasha
  1585 | D:2      | Killed Natasha
  1687 | D:2      | Noticed Natasha
  1696 | D:2      | Killed Natasha
  1696 | D:2      | Reached skill level 4 in Long Blades
  2035 | D:3      | Reached XP level 5. HP: 31/37 MP: 5/5
  2636 | D:4      | Noticed Menkaure
  2641 | D:4      | Killed Menkaure
  2641 | D:4      | Reached skill level 5 in Long Blades
  2641 | D:4      | Reached XP level 6. HP: 29/43 MP: 6/6
  2881 | D:4      | Reached skill level 6 in Long Blades
  3614 | D:4      | Reached XP level 7. HP: 39/48 MP: 7/7
  3745 | D:4      | Reached skill level 5 in Dodging
  4141 | D:5      | Entered Level 5 of the Dungeon
  4190 | D:5      | Found a hazy altar of Hepliaklqana.
  4226 | D:5      | Noticed Sigmund
  4234 | D:5      | Killed Sigmund
  4263 | D:5      | Found Qeunuenn's Food Boutique.
  4272 | D:5      | Found a white marble altar of Elyvilon.
  4375 | D:5      | Found Soixis's Antique Weapon Boutique.
  4384 | D:5      | Bought a masterwork falchion for 200 gold pieces
  4384 | D:5      | Identified the +5 falchion of Revolt {drain, rF+} (You
                  | bought it in a shop on level 5 of the Dungeon)
  4407 | D:5      | Found Lufat's Assorted Antiques.
  4420 | D:5      | Reached XP level 8. HP: 54/54 MP: 8/8
  4521 | D:5      | Found a staircase to the Ecumenical Temple.
  4603 | Temple   | Entered the Ecumenical Temple
  4659 | Temple   | Became a worshipper of Cheibriados the Contemplative
  5486 | D:6      | Reached skill level 7 in Long Blades
  5691 | D:6      | Found a hide-covered altar of Uskayaw.
  5958 | D:7      | Reached * piety under Cheibriados
  5990 | D:7      | Noticed Duvessa
  5992 | D:7      | Noticed Dowan
  6001 | D:7      | Killed Duvessa
  6001 | D:7      | Reached skill level 8 in Long Blades
  6001 | D:7      | Reached XP level 9. HP: 53/58 MP: 9/9
  6003 | D:7      | Killed Dowan
  6068 | D:7      | Found Porir's Jewellery Boutique.
  6151 | D:7      | Found Ixiawa Wapt's Food Boutique.
  6200 | D:7      | Reached skill level 9 in Long Blades
  6266 | D:7      | Found Qegun's Antique Armour Boutique.
  6289 | D:7      | Reached ** piety under Cheibriados
  6383 | D:7      | Found Melaasaf's Armour Shoppe.
  6793 | D:8      | Reached skill level 10 in Long Blades
  6837 | D:8      | Reached skill level 1 in Invocations
  7020 | D:8      | Noticed Maurice
  7029 | D:8      | Killed Maurice
  7133 | D:8      | Noticed a troll
  7145 | D:8      | Killed a troll
  7145 | D:8      | Reached skill level 5 in Invocations
  7258 | D:8      | Reached XP level 10. HP: 63/63 MP: 14/14
  7494 | D:9      | Reached *** piety under Cheibriados
  7633 | D:9      | Found Jyvuphiw's Weapon Shoppe.
  7634 | D:9      | Found a blossoming altar of Fedhas.
  7703 | D:9      | Reached skill level 5 in Fighting
  7800 | D:9      | Noticed a two-headed ogre
  7808 | D:9      | Killed a two-headed ogre
  7953 | D:9      | Noticed Psyche
  7962 | D:9      | Killed Psyche
  8134 | D:9      | Reached **** piety under Cheibriados
  8161 | D:9      | Found a glowing silver altar of Zin.
  8235 | D:9      | Reached skill level 11 in Long Blades
  8307 | D:9      | Reached XP level 11. HP: 74/74 MP: 15/15
  8567 | D:5      | Bought a scroll labeled QUABRI UCUFFO for 28 gold pieces
  8567 | D:5      | Bought a scroll labeled UCSUXA MUUTZYA for 28 gold pieces
  8625 | D:7      | Bought a buckler for 144 gold pieces
  8683 | D:10     | Entered Level 10 of the Dungeon
  8716 | D:10     | Reached skill level 1 in Shields
  8766 | D:10     | Killed an unseen horror
  9230 | D:10     | Found a staircase to the Lair.
  9292 | D:10     | Noticed Erica
  9305 | D:10     | Killed Erica
  9305 | D:10     | Reached skill level 10 in Dodging
  9378 | D:10     | Noticed Nergalle
  9391 | D:10     | Killed Nergalle
  9488 | D:10     | Reached ***** piety under Cheibriados
  9625 | Lair:1   | Entered Level 1 of the Lair of Beasts
 10007 | Lair:1   | Reached skill level 12 in Long Blades
 10363 | Lair:1   | Reached XP level 12. HP: 82/82 MP: 16/16
 10554 | Lair:2   | Reached skill level 1 in Evocations
 10775 | Lair:2   | Noticed a five-headed hydra
 10788 | Lair:2   | Killed a one-headed hydra
 10959 | Lair:2   | Noticed Fannar
 11011 | Lair:2   | Killed Fannar
 11138 | Lair:2   | Reached skill level 5 in Evocations
 11542 | Lair:3   | Found a hole to the Spider Nest.
 11671 | Lair:3   | Found a staircase to the Shoals.
 11713 | Lair:3   | Reached ****** piety under Cheibriados
 12521 | Lair:4   | Noticed a death yak
 12575 | Lair:4   | Noticed an eight-headed hydra
 12579 | Lair:4   | Killed an eight-headed hydra
 12579 | Lair:4   | Reached skill level 13 in Long Blades
 12756 | Lair:4   | Noticed Sonja
 12758 | Lair:4   | Noticed a five-headed hydra
 12762 | Lair:4   | Killed Sonja
 12764 | Lair:4   | Killed a five-headed hydra
 12764 | Lair:4   | Reached XP level 13. HP: 67/88 MP: 12/18
 13756 | Lair:5   | Found a staircase to the Slime Pits.
 13756 | Lair:5   | Found a viscous altar of Jiyva.
 13888 | Lair:5   | Reached skill level 14 in Long Blades
 14103 | Lair:5   | Reached skill level 10 in Invocations
 14644 | Lair:6   | Entered Level 6 of the Lair of Beasts
 15202 | Lair:6   | Reached XP level 14. HP: 83/94 MP: 21/21
 15208 | Lair:6   | Reached skill level 10 in Evocations
 15212 | Lair:6   | Reached skill level 1 in Spellcasting
 15420 | Lair:6   | Reached skill level 5 in Spellcasting
 16506 | D:11     | Learned a level 3 spell: Ozocubu's Armour
 16610 | D:11     | Reached skill level 1 in Charms
 16622 | D:11     | Reached skill level 1 in Ice Magic
 17270 | D:11     | Found Buet's Antique Weapon Shoppe.
 17326 | D:11     | Found a staircase to the Orcish Mines.
 17412 | D:12     | Found a runed translucent gate.
 17412 | D:12     | Found a runed translucent gate.
 17412 | D:12     | Found a runed translucent gate.
 17412 | D:12     | Noticed Tiahy's ghost (journeyman FoAK)
 17414 | D:12     | Noticed Rupert
 17836 | D:12     | Noticed a frost giant
 17841 | D:12     | HP: 4/94 [frost giant/bolt of cold (56)]
 18192 | D:12     | Identified the amulet of Hir Zol {Reflect Int+4 SH+5}
 18199 | D:12     | Killed a frost giant
 18444 | D:13     | Found Xamato's Armour Shop.
 18799 | D:13     | Found Fuoxaf Disi's Book Boutique.
 18819 | D:13     | Reached XP level 15. HP: 99/99 MP: 27/27
 18840 | D:13     | Found Jituajip's Distillery.
 18961 | D:13     | Noticed Azrael
 18976 | D:13     | Killed Azrael
 19388 | D:14     | Reached skill level 5 in Charms
 19388 | D:14     | Reached skill level 5 in Ice Magic
 19508 | D:14     | Reached skill level 5 in Shields
 19765 | D:14     | Noticed Nessos
 19774 | D:14     | Killed Nessos
 20211 | D:14     | Found a gate to the Vaults.
 21280 | D:15     | Entered Level 15 of the Dungeon
 21825 | D:15     | Found Rigud's Retail Resort.
 22105 | D:15     | Reached skill level 10 in Shields
 22252 | D:15     | Found a glowing golden altar of the Shining One.
 22482 | D:15     | Found Saovvuoff's Assorted Antiques.
 22580 | D:15     | Found a staircase to the Depths.
 23032 | Orc:1    | Entered Level 1 of the Orcish Mines
 23134 | Orc:1    | Paralysed by an orc sorcerer for 2 turns
 23500 | Orc:2    | Entered Level 2 of the Orcish Mines
 23524 | Orc:2    | Found a staircase to the Elven Halls.
 23607 | Orc:1    | Reached XP level 16. HP: 72/105 MP: 28/28
 24222 | Orc:2    | Slain by a troll

Illustrated notes

Levels and vault maps discovered:
D:1:      lemuel_arrival_hallway, layout_basic
D:2:      layout_basic, bloody_trog, serial_bayou_crossing,
          uniq_crazy_yiuf_cottage, uniq_natasha
D:3:      layout_rooms
D:4:      kb_forest_paths, layout_basic, uniq_menkaure
D:5:      layout_loops_ring, nicolae_overflow_crystal_walls,
          lemuel_crystal_altar, minmay_temple_entry_enclosed_plants,
          serial_shops, shop, shop, shop, first_ration, uniq_sigmund
D:6:      layout_loops_cross, kennysheep_mini, lightli_orcish_oven
D:7:      layout_basic, serial_shops, nicolae_shop_statue_plus, shop,
          nicolae_shop_statue_plus, nicolae_shop_waterfront, uniq_duvessa
D:8:      layout_loops_cross, uniq_maurice
D:9:      layout_roguey, zin_treasury, serial_shops, shop, grunt_ogre_cave,
          chequers_serial_rivers_room_b, fedhas_bush_and_centaur_altar,
          uniq_psyche
D:10:     layout_loops_ring, lair_entry_dummy, kennysheep_generic_room_11,
          uniq_erica, uniq_nergalle
D:11:     layout_basic, orc_0_dummy, serial_shops, shop
D:12:     layout_roguey, ebering_ghost_rock_garden, kennysheep_just_a_vault,
          uniq_rupert
D:13:     layout_loops_ring, serial_shops, shop, nicolae_shop_window_shopping,
          shop, minmay_misc_feat_more_columns, hangedman_abyss_or_decor_slice,
          uniq_azrael
D:14:     layout_stronghold, david_vaults_3, minivault_4
D:15:     hangedman_depths_entry_civil_slaughter, layout_irregular_city,
          hangedman_decor_peaks_small, serial_shops, nicolae_shop_behind_doors,
          nicolae_alphabet_shops, tso_metal_star
Temple:   minmay_crystal_spiral_temple
Lair:1:   layout_regular_city, lemuel_fruit_fields, infiniplex_staircase_pool_2,
          grunt_megastairs_3
Lair:2:   layout_misc_corridors, gauntlet_entry_generic,
          minmay_lair_oklob_chamber, uniq_fannar
Lair:3:   layout_loops_ring, minmay_shoals_entry_lonely_mermaid,
          spider_nest_entry_a, serial_bayou_lake_a
Lair:4:   beast_lair_carwin_large_1, layout_cave_pods,
          grunt_forest_large_clearing_hut, grunt_megastairs_4, uniq_sonja
Lair:5:   layout_regular_city, slime_altar_1, gammafunk_lair_bear_cave
Lair:6:   evilmike_catoblepas_cave, layout_cave_shapes,
          mumra_transporter_accident, serial_bayou_shore_b
Orc:1:    layout_diamond_mine
Orc:2:    st_orc_open, layout_caves, bh_open_orc_temple

Skill      XL: |  1  2  3  4  5  6  7  8  9 10 11 12 13 14 15 16 |
---------------+-------------------------------------------------+-----
Fighting       | 3 4 6 8 |  8.0
Long Blades    | 4 5 6 8 10 11 12 13 14 | 14.0
Dodging        | 4 6 8 9 10 11 12 | 12.0
Invocations    | 6 7 10 | 10.0
Shields        | 4 11 12 | 12.4
Evocations     | 6 9 10 | 10.0
Spellcasting   | 8 |  8.0
Charms         | 4 5 |  5.0
Ice Magic      | 4 5 |  5.0
Throwing       | |  2.0

Action                   |  1- 3 |  4- 6 |  7- 9 | 10-12 | 13-15 | 16-18 || total
-------------------------+-------+-------+-------+-------+-------+-------++-------
Melee: Long sword        |    60 |    71 |    18 |       |       |       ||   149
       Constrict         |    18 |    27 |    41 |    64 |   127 |     6 ||   283
       Tentacles         |    12 |    21 |    45 |   165 |   485 |    35 ||   763
       Falchion          |       |       |   171 |   360 |   846 |       ||  1377
       Scimitar          |       |       |       |     7 |     3 |       ||    10
       Demon blade       |       |       |       |       |    53 |    98 ||   151
Throw: Dart              |       |       |    67 |    69 |    33 |       ||   169
       Boomerang         |       |       |     4 |    80 |       |       ||    84
       Javelin           |       |       |       |    19 |       |       ||    19
       Throwing net      |       |       |       |     2 |       |       ||     2
 Cast: Ozocubu's Armour  |       |       |       |       |    11 |     2 ||    13
Invok: Slouch            |       |       |       |     2 |     8 |       ||    10
Evoke: Wand              |       |       |       |     4 |    24 |     1 ||    29
       Box of beasts     |       |       |       |       |     9 |     1 ||    10
  Use: Scroll            |       |       |     5 |     9 |    13 |       ||    27
       Potion            |       |       |       |     1 |     1 |       ||     2
 Stab: Sleeping          |     9 |     8 |     4 |    12 |    24 |     1 ||    58
       Distracted        |       |       |       |       |     3 |       ||     3
       Petrifying        |       |       |       |       |     2 |       ||     2
  Eat: Chunk             |     1 |     7 |    13 |     9 |    18 |     1 ||    49
       Ration            |       |       |       |       |     1 |       ||     1
Armor: Skin              |     3 |     2 |     3 |     6 |    11 |     2 ||    27
Dodge: Dodged            |    41 |    51 |   121 |   263 |   500 |    70 ||  1046
Block: Buckler           |       |       |       |    63 |   306 |    51 ||   420
       Reflection        |       |       |       |       |    15 |       ||    15
       Rpst.: Long sword |    18 |    18 |     5 |       |       |       ||    41
       Falchion          |       |       |    29 |    67 |   120 |       ||   216
       Demon blade       |       |       |       |       |    12 |     9 ||    21

Table legend:
 A = Non-vault XP
 B = Vault XP
 C = Vault XP percentage of total XP
 D = Non-vault monster count
 E = Vault monster count
 F = Vault count percentage of total count
                 A         B        C        D         E       F
            +---------+---------+-------+---------+---------+-------
      Total |   87588 |   51626 |  37.1 |     539 |     131 |  19.6
            +---------+---------+-------+---------+---------+-------
        D:1 |      50 |       0 |   0.0 |      33 |       0 |   0.0
        D:2 |      70 |      35 |  33.3 |      12 |       1 |   7.7
        D:3 |      28 |       0 |   0.0 |      16 |       0 |   0.0
        D:4 |     375 |     213 |  36.2 |      14 |       5 |  26.3
        D:5 |     304 |     223 |  42.3 |       9 |       1 |  10.0
        D:6 |     767 |     145 |  15.9 |      19 |       6 |  24.0
        D:7 |     931 |     211 |  18.5 |      24 |       2 |   7.7
        D:8 |     864 |     485 |  36.0 |      10 |       1 |   9.1
        D:9 |    3963 |     656 |  14.2 |      40 |       3 |   7.0
       D:10 |    2765 |    2184 |  44.1 |      39 |       3 |   7.1
       D:11 |    9041 |       0 |   0.0 |      52 |       0 |   0.0
       D:12 |    3493 |    1533 |  30.5 |      18 |       1 |   5.3
       D:13 |    4029 |    2471 |  38.0 |      16 |       8 |  33.3
       D:14 |   15200 |    5778 |  27.5 |      39 |      20 |  33.9
       D:15 |    9357 |    5357 |  36.4 |      32 |       6 |  15.8
     Lair:1 |    4115 |     350 |   7.8 |      19 |       1 |   5.0
     Lair:2 |    2932 |    3269 |  52.7 |      15 |       7 |  31.8
     Lair:3 |    1954 |     661 |  25.3 |       9 |       2 |  18.2
     Lair:4 |    5359 |    8397 |  61.0 |      23 |      14 |  37.8
     Lair:5 |    4146 |     736 |  15.1 |      17 |       4 |  19.0
     Lair:6 |   12457 |   10099 |  44.8 |      39 |      23 |  37.1
      Orc:1 |    4354 |       0 |   0.0 |      38 |       0 |   0.0
      Orc:2 |    1034 |    8823 |  89.5 |       6 |      23 |  79.3
            +---------+---------+-------+---------+---------+-------
